Map: Dusk Towers

Players

State - Winner!

  • Race: Protoss Protoss
  • League: Grandmaster

Nemo

  • Race: Protoss Protoss
  • League: Grandmaster

VOD

Have the link to the VOD?

Description

Time

  • Played on: Nov. 25, 2015, 2:04 a.m.
  • Length: 11:45
Show
View Real Time Build Order
Export as new Build Order

State Protoss - Winner!

Build Orders: Nexus First, Oracle Opening, Blink Stalkers 

Get SALT Encoding   

  12  0:01  Probe (Chrono Boost)  
  13  0:11  Probe (Chrono Boost)  
  14  0:17  Pylon  
  14  0:22  Probe (Chrono Boost)  
  15  0:36  Probe (Chrono Boost)  
  16  0:46  Probe (Chrono Boost)  
  17  0:58  Nexus  
  17  1:07  Gateway  
  17  1:10  Probe (Chrono Boost)  
  18  1:15  Assimilator  
  18  1:20  Probe (Chrono Boost)  
  18  1:23  Assimilator  
  19  1:31  Probe (Chrono Boost)  
  20  1:36  Gateway  
  20  1:41  Probe (Chrono Boost)  
  21  1:52  Probe (Chrono Boost)  
  22  1:54  Cybernetics Core  
  22  2:02  Probe (Chrono Boost)  
  23  2:11  Probe (Chrono Boost)  
  23  2:13  Probe (Chrono Boost)  
  25  2:20  Pylon  
  25  2:21  Probe (Chrono Boost)  
  26  2:23  Probe (Chrono Boost)  
  27  2:30  Adept x2 (Chrono Boost)  
  27  2:32  Warp Gate  
  27  2:33  Probe  
  27  2:36  Probe  
  33  2:45  Probe (Chrono Boost)  
  33  2:47  Stargate  
  33  2:49  Probe (Chrono Boost)  
  35  2:54  Pylon  
  35  2:57  Probe (Chrono Boost)  
  36  3:00  Probe (Chrono Boost)  
  37  3:08  Probe (Chrono Boost)  
  37  3:11  Probe (Chrono Boost)  
  39  3:15  Twilight Council  
  39  3:18  Probe (Chrono Boost)  
  40  3:21  Probe (Chrono Boost)  
  40  3:25  Pylon  
  41  3:28  Probe (Chrono Boost)  
  41  3:32  Probe (Chrono Boost)  
  41  3:33  Oracle (Chrono Boost), Assimilator  
  41  3:34  Assimilator  
  43  3:37  Probe  
  47  3:43  Probe  
  48  3:48  Probe  
  48  3:51  Blink (Chrono Boost)  
  49  3:56  Probe  
  49  3:59  Pylon  
  49  4:00  Probe  
  51  4:08  Probe  
  52  4:13  Probe  
  53  4:17  Oracle  
  58  4:25  Probe, Pylon  
  50  4:47  Gateway  
  50  4:48  Gateway, Robotics Facility  
  50  4:49  Gateway  
  50  4:50  Mothership Core (Chrono Boost)  
  52  4:56  Stalker  
  52  4:57  Stalker  
  56  5:05  Forge  
  56  5:15  Gateway x2, Oracle  
  59  5:23  Stalker x2  
  59  5:24  Probe (Chrono Boost)  
  64  5:36  Immortal (Chrono Boost)  
  64  5:39  Nexus  
  64  5:41  Pylon  
  68  5:47  Probe  
  68  5:48  Probe  
  70  5:54  Pylon x2  
  70  5:59  Mothership Core  
  69  6:04  Probe, Pylon  
  69  6:05  Pylon  
  70  6:12  Stalker x3  
  70  6:16  Probe  
  73  6:19  Probe  
  74  6:32  Probe  
  70  6:37  Pylon  
  66  6:40  Stalker x5  
  66  6:46  Nexus  
  76  6:53  Mothership Core  
  71  6:57  Stalker  
  69  7:01  Pylon  
  69  7:05  Stalker x4  
  77  7:09  Sentry  
  79  7:20  Protoss Ground Weapons Level 1 (Chrono Boost)  
  79  7:24  Robotics Facility  
  79  7:28  Dark Shrine  
  79  7:29  Stalker  
  81  7:34  Probe x2  
  81  7:35  Pylon  
  83  7:42  Stalker  
  83  7:43  Stalker  
  87  7:46  Oracle  
  87  7:50  Probe  
  91  7:58  Gateway  
  95  8:20  Probe  
  95  8:23  Robotics Bay, Warp Prism (Chrono Boost)  
  93  8:42  Dark Templar x2  
  93  8:43  Dark Templar  
  99  8:52  Zealot x4  
  107  9:19  Disruptor (Chrono Boost)  
  100  9:39  Nexus  
  100  9:43  Assimilator  
  100  9:45  Stalker x2  
  102  9:46  Stalker x5  
  102  9:47  Assimilator  
  102  9:49  Pylon  
  102  9:51  Disruptor (Chrono Boost), Pylon  
  115  9:53  Pylon  
  115  10:04  Dark Templar  
  115  10:22  Disruptor (Chrono Boost)  
  118  10:28  Stalker x4  
  126  10:35  Zealot  
  126  10:36  Zealot x3  
  132  11:01  Disruptor (Chrono Boost)  
  135  11:18  Dark Templar x3  
  138  11:19  Zealot x5  
  112  11:42  Stalker x3  
Show
View Real Time Build Order
Export as new Build Order

Nemo Protoss 

Build Orders: 1 Gate Expand, Nexus First, Blink Stalkers 

Get SALT Encoding   

  12  0:00  Probe (Chrono Boost)  
  13  0:11  Probe (Chrono Boost)  
  14  0:20  Pylon  
  14  0:22  Probe (Chrono Boost)  
  15  0:38  Probe (Chrono Boost), Gateway  
  16  0:48  Probe (Chrono Boost)  
  17  1:01  Nexus  
  17  1:10  Gateway  
  17  1:13  Probe (Chrono Boost)  
  18  1:20  Assimilator  
  18  1:22  Assimilator  
  18  1:26  Probe (Chrono Boost)  
  19  1:36  Probe (Chrono Boost)  
  20  1:40  Gateway  
  21  1:47  Probe (Chrono Boost)  
  21  1:57  Cybernetics Core  
  21  1:58  Probe (Chrono Boost)  
  22  2:09  Probe (Chrono Boost)  
  22  2:13  Probe (Chrono Boost)  
  24  2:19  Probe (Chrono Boost)  
  25  2:25  Probe (Chrono Boost)  
  26  2:30  Probe (Chrono Boost)  
  26  2:34  Warp Gate  
  26  2:35  Probe (Chrono Boost)  
  28  2:40  Probe (Chrono Boost)  
  28  2:42  Stalker  
  28  2:43  Stalker  
  33  2:46  Probe (Chrono Boost)  
  36  2:51  Mothership Core (Chrono Boost)  
  36  2:54  Pylon  
  36  2:57  Probe (Chrono Boost)  
  37  3:02  Pylon  
  37  3:08  Probe (Chrono Boost)  
  39  3:13  Probe (Chrono Boost)  
  40  3:20  Probe (Chrono Boost)  
  40  3:21  Twilight Council  
  40  3:23  Stalker, Probe (Chrono Boost)  
  43  3:28  Stalker  
  43  3:32  Probe (Chrono Boost)  
  43  3:34  Probe (Chrono Boost)  
  47  3:38  Pylon  
  47  3:43  Probe (Chrono Boost)  
  47  3:44  Probe (Chrono Boost)  
  49  3:54  Probe (Chrono Boost), Pylon  
  49  3:55  Probe (Chrono Boost)  
  51  3:58  Blink (Chrono Boost)  
  51  3:59  Stalker  
  51  4:02  Stalker  
  55  4:12  Probe  
  55  4:13  Probe  
  55  4:15  Gateway, Assimilator  
  57  4:18  Assimilator  
  57  4:25  Probe  
  57  4:27  Probe  
  57  4:28  Pylon  
  59  4:38  Gateway  
  54  4:45  Probe  
  52  4:46  Probe  
  54  4:53  Stalker x2  
  54  4:57  Probe  
  54  4:58  Probe  
  60  5:04  Gateway  
  60  5:06  Gateway  
  60  5:11  Stalker  
  60  5:12  Probe  
  60  5:13  Probe  
  64  5:14  Pylon  
  64  5:19  Stalker  
  66  5:21  Stalker  
  68  5:29  Pylon  
  67  5:43  Stalker x2  
  67  5:44  Stalker  
  67  5:45  Stalker  
  75  5:56  Pylon  
  61  6:20  Stalker x5  
  61  6:21  Stalker  
  66  6:43  Stalker x3  
  66  6:44  Stalker x3  
  78  7:07  Stalker x5  
  78  7:08  Stalker  
  90  7:16  Probe  
  90  7:18  Probe  
  90  7:19  Pylon  
  92  7:30  Stalker  
  92  7:34  Pylon  
  94  7:40  Pylon  
  92  7:47  Forge  
  92  7:48  Nexus, Robotics Facility  
  92  7:50  Probe  
  92  7:51  Probe  
  94  8:03  Stalker x2  
  99  8:05  Probe  
  99  8:15  Stalker  
  99  8:16  Stalker  
  99  8:18  Stalker  
  105  8:21  Probe  
  105  8:23  Probe  
  105  8:27  Protoss Ground Weapons Level 1 (Chrono Boost)  
  107  8:32  Probe  
  108  8:35  Probe  
  109  8:41  Observer (Chrono Boost)  
  109  8:42  Probe  
  109  8:47  Probe  
  112  8:52  Sentry  
  112  8:53  Sentry, Probe  
  117  8:59  Probe  
  117  9:01  Stalker x3  
  117  9:02  Stalker  
  122  9:12  Probe  
  122  9:16  Probe  
  115  9:22  Stalker x2  
  115  9:24  Observer (Chrono Boost)  
  116  9:25  Probe  
  112  9:44  Probe  
  109  10:02  Pylon  
  109  10:04  Pylon  
  106  10:18  Stalker x2  
  110  10:26  Stalker x3  
  110  10:27  Observer  
  115  10:32  Probe  
  115  10:33  Probe  
  114  10:45  Stalker x2  
  118  10:57  Pylon  
  118  10:58  Pylon  
  118  11:15  Observer  
  116  11:19  Stalker  
  116  11:20  Stalker, Zealot  
Tags
 
Add a new tag
Caveats
  • Supply blocks, unpowered buildings, or Contaminate may cause inaccurate times.
  • Supply counts are checked every 10 seconds.